 Dungeon Crawl Stone Soup version 0.22-a0-799-g88f5e90 (webtiles) character file.

118 mortelune the Ruffian (level 4, -1/37 HPs)
             Began as a Draconian Transmuter on July 22, 2018.
             Slain by an orc (3 damage)
             ... on level 3 of the Dungeon.
             The game lasted 00:08:24 (3213 turns).

mortelune the Ruffian (Draconian Transmuter)        Turns: 3213, Time: 00:08:25

Health: -1/37      AC:  5    Str: 13    XL:     4   Next: 72%
Magic:  5/7        EV: 12    Int: 13    God:
Gold:   73         SH:  0    Dex: 12    Spells: 1/7 levels left

rFire    . . .     SeeInvis .     - Unarmed
rCold    . . .     Gourm    .   (no shield)
rNeg     . . .     Faith    .   (armour unavailable)
rPois    .         Spirit   .   (helmet restricted)
rElec    .         Reflect  .   (no cloak)
rCorr    .         Harm     .   (no gloves)
MR       .....                  (no boots)
Stlth    +.........             (no amulet)
HPRegen  0.12/turn              (no ring)
MPRegen  0.10/turn              (no ring)

@: no status effects
A: unfitting armour, cold-blooded, AC +5
a: no special abilities


You were on level 3 of the Dungeon.
You were not hungry.

You visited 1 branch of the dungeon, and saw 3 of its levels.

You collected 73 gold pieces.

Inventory:

Missiles
 a - 10 arrows
 b - 24 bolts
 l - a throwing net
 n - 6 javelins (quivered)
Armour
 p - a +2 buckler
Wands
 i - a wand of enslavement (9)
Scrolls
 f - a scroll of immolation {unknown}
 m - a scroll of magic mapping {unknown}
 o - 2 scrolls of identify {unknown}
 q - a scroll of fear {unknown}
 r - 2 scrolls of enchant weapon {unknown}
 u - a scroll of amnesia {unknown}
Potions
 d - a potion of degeneration {unknown}
 e - a potion of agility {unknown}
 g - a potion of heal wounds {unknown}
 h - a potion of brilliance {unknown}
 j - a potion of mutation {unknown}
 k - a potion of curing
 s - 2 potions of ambrosia {unknown}
 t - a potion of flight {unknown}
Comestibles
 c - 11 rations
 v - 2 chunks of flesh


   Skills:
 + Level 2.4 Fighting
 + Level 2.5 Dodging
 + Level 3.6 Unarmed Combat
 + Level 2.4 Spellcasting
 + Level 2.9 Transmutations


You had one spell level left.
You knew the following spells:

 Your Spells              Type           Power        Failure   Level  Hunger
a - Beastly Appendage     Tmut           #.....       8%          1    #......
b - Sticks to Snakes      Tmut           #.......     11%         2    ###....
c - Spider Form           Tmut/Pois      #.........   36%         3    ###....

Your spell library contained the following spells:

 Spells                   Type           Power        Failure   Level  Hunger
 Magic Dart               Conj           #...         24%         1    #......
 Conjure Flame            Conj/Fire      #.......     58%         3    ###....
 Slow                     Hex            #.......     36%         2    ###....
 Mephitic Cloud           Conj/Pois/Air  #.......     58%         3    ###....
 Blink                    Tloc           N/A          36%         2    ###....
 Call Imp                 Summ           #.......     36%         2    ###....
 Blade Hands              Tmut           #.........   90%         5    ######.
 Ice Form                 Ice/Tmut       #.......     78%         4    #####..


Dungeon Overview and Level Annotations

Branches:
Dungeon (3/15)

Altars:


Innate Abilities, Weirdness & Mutations

Your plain brown scales are hard. (AC +5)
You cannot fit into any form of body armour.
You are cold-blooded and may be slowed by cold attacks.


Message History

Pain shoots through your body!
An orc comes into view.
You hit the orc priest but do no damage.
The orc priest hits you but does no damage.
You barely miss the orc priest.
The orc priest hits you but does no damage.
You barely miss the orc priest. The orc priest hits you with a dagger.
You closely miss the orc priest.
Your tail-slap misses the orc priest.
The orc priest begins to cast a cantrip, but forgets the words!
You closely miss the orc priest.
The orc priest invokes the aid of Beogh against you.
Beogh smites you!
* * * LOW HITPOINT WARNING * * *
You feel better.
You feel better.
The orc priest calls down the wrath of Beogh upon you.
Beogh smites you!
* * * LOW HITPOINT WARNING * * *
The orc hits you.
You die...

..#..#..#..#..#..#...#
.....................#
####################.#
#####..############
...............[...#
##################.# #
#o. #.# #o############
#.# #@#..........# #.#
#.#.#.######.#.#.#
#.#.#......#.#.#.# #
#.#.#.####.#.#.#.# #
#.#.#.# #.#.#.#.# .
#.#####.#.#.####.#.#.#.#
.
............>....#.#.#.#
.
#..####.#.#......#.#.#.#
. #.#.######.#.#.#.#


You could see an orc priest and an orc.

Vanquished Creatures
  Jessica (D:2)
  Terence (D:3)
  An adder (D:2)
  2 leopard geckos
  3 orcs (D:3)
  3 bats
  4 giant cockroaches
  4 goblins
  6 hobgoblins (D:1)
  2 jackals (D:1)
  3 kobolds
  9 frilled lizards
  7 rats
46 creatures vanquished.

Vanquished Creatures (collateral kills)
  An adder (D:2)
1 creature vanquished.

Grand Total: 47 creatures vanquished

Notes
Turn   | Place    | Note
-------+----------+-------------------------------------------
     0 | D:1      | mortelune the Draconian Transmuter began the quest for the Orb.
     0 | D:1      | Reached XP level 1. HP: 16/16 MP: 3/3
   322 | D:1      | Reached XP level 2. HP: 12/23 MP: 5/5
   470 | D:1      | Learned a level 2 spell: Sticks to Snakes
  1513 | D:2      | Reached XP level 3. HP: 25/29 MP: 6/6
  1584 | D:2      | Learned a level 3 spell: Spider Form
  1923 | D:2      | Noticed Jessica
  1937 | D:2      | Killed Jessica
  1937 | D:2      | Reached XP level 4. HP: 19/36 MP: 7/7
  2901 | D:3      | Noticed Terence
  2921 | D:3      | Killed Terence
  3211 | D:3      | HP: 1/37 [orc priest/divine providence (11)]
  3213 | D:3      | Slain by an orc

Vault maps used:
D:1:      scummos_arrival_forest, minmay_lizard_pond
D:2:      first_ration, uniq_jessica
D:3:      kennysheep_decorative_pillar, hangedman_decor_points,
          columned_hall_lemuel, uniq_terence

Skill      XL: |  1  2  3 |
---------------+----------+-----
Dodging        | 2 |  2.5
Fighting       | 2 |  2.4
Unarmed Combat | |  3.6
Spellcasting   | |  2.4
Transmutations | |  2.9

Action                   |  1- 3 |  4- 6 || total
-------------------------+-------+-------++-------
Melee: Unarmed           |   149 |    67 ||   216
       Tailslap          |     9 |     7 ||    16
       Punch             |     1 |       ||     1
       Headbutt          |       |     3 ||     3
       Kick              |       |     1 ||     1
Throw: Javelin           |     3 |     3 ||     6
       Throwing net      |     1 |       ||     1
 Cast: Sticks to Snakes  |     2 |       ||     2
       Beastly Appendage |       |     3 ||     3
       Spider Form       |       |     1 ||     1
  Use: Potion            |       |     2 ||     2
 Stab: Distracted        |     1 |       ||     1
  Eat: Chunk             |     3 |     5 ||     8
Armor: Skin              |    53 |    12 ||    65
Dodge: Dodged            |    99 |    31 ||   130
Block: Buckler           |     3 |       ||     3

Table legend:
 A = Spawn XP
 B = Non-spawn XP
 C = Spawn XP percentage of total XP
 D = Spawn monster count
 E = Non-spawn monster count
 F = Spawn count percentage of total count
 G = Total turns spent on level
                    A         B        C        D         E        F      G
               +---------+---------+-------+---------+---------+-------+---------
         Total |       0 |     169 |   0.0 |       0 |      47 |   0.0 |  3213
               +---------+---------+-------+---------+---------+-------+---------
           D:1 |       0 |      34 |   0.0 |       0 |      22 |   0.0 |  1284
           D:2 |       0 |      78 |   0.0 |       0 |      15 |   0.0 |  1389
           D:3 |       0 |      57 |   0.0 |       0 |      10 |   0.0 |   540
               +---------+---------+-------+---------+---------+-------+---------
